 Dungeon Crawl Stone Soup version 0.32-a0-42-ga30500b4d3 (webtiles) character file.

Game seed: 3276994904682106591

485 kenjime the Digger (level 6, -1/55 HPs)
             Began as a Troll Earth Elementalist on Jan 27, 2024.
             Was an Initiate of Wu Jian.
             Slain by an ufetubus (2 damage)
             ... on level 5 of the Dungeon on Jan 28, 2024.
             The game lasted 00:52:43 (4291 turns).

kenjime the Digger (Troll Earth Elementalist)       Turns: 4291, Time: 00:52:44

Health: -1/55      AC:  4    Str: 17    XL:     6   Next: 88%
Magic:  1/9        EV: 10    Int: 13    God:    Wu Jian [......]
Gold:   221        SH:  0    Dex: 10    Spells: 8/10 levels left

rFire   . . .        t - +0 battleaxe
rCold   . . .        (shield currently unavailable)
rNeg    . . .        a - +0 robe
rPois   .            (helmet restricted)
rElec   .            w - scarf {shadows}
rCorr   .            (gloves unavailable)
SInv    .            (boots unavailable)
Will    +....        (no amulet)
Stlth   +            (no ring)
HPRegen 1.09/turn    (no ring)
MPRegen 0.11/turn

%: no passive effects
@: enlightened, flying
A: large, unfitting armour, claws 3, regeneration 1, shaggy fur 1, tough skin 1
a: Renounce Religion


You were on level 5 of the Dungeon.
You worshipped Wu Jian.
Wu Jian was noncommittal.
You visited 2 branches of the dungeon, and saw 6 of its levels.
You also visited: Sewer.

You collected 221 gold pieces.

Inventory:

Hand Weapons
 c - a +1 dagger of holy wrath
 d - a +0 whip
 g - a +0 hand axe
 i - a +0 hand axe
 j - a +0 club
 k - a +0 club
 l - a +0 trident
 n - a +0 spear
 p - a +0 flail of venom
 s - a +0 short sword
 t - a +0 battleaxe (weapon)
 v - a +0 short sword
 B - a +0 falchion
 C - a +0 quarterstaff
 G - a +0 rapier
 K - a +0 short sword
 L - a +0 mace
 M - a +0 long sword
 N - a +0 club
 O - a +0 dagger
 R - a +0 spear
 V - a +0 club
 X - a +0 flail
 Z - a +0 hand axe
Missiles
 e - 46 stones
 Y - 8 boomerangs
Armour
 a - a +0 robe (worn)
 m - a +0 leather armour
 q - a +0 plate armour
 r - a +0 ring mail
 w - a scarf of shadows (worn)
 A - a +0 robe
 I - a +0 ring mail
 P - a +0 kite shield
 W - a +0 pair of boots
Magical Staves
 J - a staff of death
Wands
 y - a wand of polymorph (8)
 F - a wand of roots (9)
Scrolls
 f - a scroll of amnesia {unknown}
 u - 2 scrolls of blinking {unknown}
 x - 2 scrolls of identify {unknown}
 E - 2 scrolls of revelation {unknown}
 H - 4 scrolls of poison {unknown}
 U - a scroll of teleportation {unknown}
Potions
 b - 2 potions of magic
 h - 2 potions of curing {unknown}
 o - a potion of heal wounds {unknown}
 D - a potion of might {unknown}
 Q - a potion of haste {unknown}
 S - a potion of lignification {unknown}
 T - a potion of ambrosia {unknown}


   Skills:
 + Level 1.5 Fighting
 + Level 0.7 Short Blades
 + Level 1.5(1.6) Axes
 + Level 0.1(0.9) Polearms
 + Level 2.8 Dodging
 + Level 1.2 Stealth
 + Level 0.5 Unarmed Combat
 + Level 2.6 Spellcasting
 + Level 0.6 Conjurations
 + Level 0.3 Ice Magic
 + Level 4.1 Earth Magic


You had 8 spell levels left.
You knew the following spells:

 Your Spells              Type           Power      Damage    Failure   Level
a - Sandblast             Erth           24%        2d8       4%          1
b - Freeze                Ice            8%         1d3       22%         1

Your spell library contained the following spells:

 Spells                   Type           Power      Damage    Failure   Level
 Passwall                 Erth           12%        N/A       13%         3
 Shock                    Conj/Air       8%         1d3       22%         1
 Stone Arrow              Conj/Erth      14%        3d7       26%         3
 Hailstorm                Conj/Ice       2%         3d5       52%         3
 Frozen Ramparts          Ice            4%         1d1       54%         3
 Summon Ice Beast         Ice/Summ       2%         N/A       56%         3
 Swiftness                Air            1%         N/A       58%         3
 Brom's Barrelling Bould  Conj/Erth      7%         2d3       65%         4
 Petrify                  Alch/Erth      7%         N/A       69%         4
 Airstrike                Air            0%         2d(1-17)  94%         4
 Sculpt Simulacrum        Ice/Alch       1%         N/A       100%        6


Dungeon Overview and Level Annotations

Branches:
Dungeon (5/15)             Temple (1/1) D:5           Sewer (visited)

Altars:
Ashenzari
Cheibriados
Dithmenos
Elyvilon
Fedhas
Hepliaklqana
Kikubaaqudgha
Makhleb
Nemelex Xobeh
Okawaru
Qazlal
Ru
Sif Muna
Uskayaw
Vehumet
Wu Jian
Xom
Yredelemnul
The Shining One


Innate Abilities, Weirdness & Mutations

You are too large for most types of armour.
You have claws for hands.
Your natural rate of healing is unusually fast.
You are covered in fur. (AC +1)
You have tough skin. (AC +1)


Message History

The ufetubus closely misses you. The ufetubus hits you.
* * * LOW HITPOINT WARNING * * *
The ufetubus hits you.
* * * LOW HITPOINT WARNING * * *
The ufetubus attacks as it pursues you! The ufetubus closely misses you.
The ufetubus barely misses you. The ufetubus hits you.
* * * LOW HITPOINT WARNING * * *
The ufetubus barely misses you. The ufetubus attacks as it pursues you!
The ufetubus barely misses you. The ufetubus closely misses you.
The ufetubus barely misses you. The ufetubus hits you.
* * * LOW HITPOINT WARNING * * *
Your magical contamination has completely faded away.
You see here a +0 dagger.
The ufetubus attacks as it pursues you! The ufetubus barely misses you. x2
The ufetubus closely misses you.
The ufetubus hits you but does no damage.
The ufetubus hits you.
* * * LOW HITPOINT WARNING * * *
The ufetubus barely misses you.
Casting: Freeze (safe; 22% risk of failure)
Confirm with . or Enter, or press ? or * to list all spells.
You don't know that spell.
You barely miss the ufetubus.
The ufetubus is heavily wounded.
The ufetubus slips past you! The ufetubus closely misses you. x2
The ufetubus hits you but does no damage.
The ufetubus hits you.
* * * LOW HITPOINT WARNING * * *
The ufetubus closely misses you. The ufetubus hits you.
* * * LOW HITPOINT WARNING * * *
It was a potion of enlightenment.
You feel very buoyant.
You fly up into the air.
The ufetubus misses you. The ufetubus barely misses you. The ufetubus hits you.
* * * LOW HITPOINT WARNING * * *
The ufetubus barely misses you. The ufetubus hits you.
* * * LOW HITPOINT WARNING * * *
The ufetubus hits you.
You die...

#..###### #..#...#...#...#
####.......#####_..............
#.....>..#.....#..#...#...#...#
#.##.#...#.....#...............
# #...####....################
###...#......# #.######
##..#.5)...# #......#
###.>...############.######
#.!.#.#..5@5..... #.......
#.###.#..######## ######## #.
#.#..# #. #.#..# #. #.#..# #.
#.#..# .# #..#


You could see 2 ufetubi.

Vanquished Creatures
  A black bear (D:4)
  A hound (D:5)
  A bombardier beetle (D:4)
  A jelly (D:4)
  2 orc priests
  An iguana (D:5)
  Ijyb (D:3)
  An orc wizard (D:5)
  4 adders
  A river rat (Sewer)
  A white imp (D:4)
  2 dart slugs (D:1)
  2 ribbon worms
  11 orcs
  5 ball pythons
  5 endoplasms (D:1)
  2 giant cockroaches
  6 goblins
  7 hobgoblins
  7 jackals
  9 quokkas
  5 bats
  4 frilled lizards
  12 kobolds
  9 rats
101 creatures vanquished.

Notes
Turn   | Place    | Note
-------+----------+-------------------------------------------
     0 | D:1      | kenjime the Troll Earth Elementalist began the quest for
                  | the Orb.
     0 | D:1      | Reached XP level 1. HP: 16/16 MP: 1/1
   191 | D:1      | Reached XP level 2. HP: 23/24 MP: 0/2
   217 | D:1      | Reached skill level 3 in Earth Magic
   598 | D:1      | Reached XP level 3. HP: 31/31 MP: 1/3
  1265 | D:2      | Learned a level 1 spell: Freeze
  1903 | D:3      | Noticed Ijyb
  1914 | D:3      | Killed Ijyb
  1915 | D:3      | Reached XP level 4. HP: 27/40 MP: 5/5
  2208 | D:3      | Found a glowing drain.
  2347 | Sewer    | Entered a sewer
  2439 | Sewer    | Reached XP level 5. HP: 46/46 MP: 2/7
  2572 | D:3      | Found a white marble altar of Elyvilon.
  2572 | D:3      | Found a blossoming altar of Fedhas.
  2573 | D:3      | Found an ornate altar of the Wu Jian Council.
  2590 | D:3      | Became a worshipper of the Wu Jian Council
  2847 | D:4      | Found a stormy altar of Qazlal.
  2961 | D:4      | Reached skill level 1 in Fighting
  2961 | D:4      | Reached skill level 1 in Axes
  3099 | D:4      | Noticed a black bear
  3153 | D:4      | Killed a black bear
  3154 | D:4      | Reached XP level 6. HP: 49/55 MP: 5/8
  3386 | D:4      | Found a sacrificial altar of Ru.
  3683 | D:5      | Entered Level 5 of the Dungeon
  3708 | D:5      | Found a staircase to the Ecumenical Temple.
  3750 | Temple   | Entered the Ecumenical Temple
  3883 | D:5      | Found a broken altar of Ashenzari.
  4223 | D:5      | Reached skill level 4 in Earth Magic
  4291 | D:5      | HP: 1/55 [ufetubus (4)]
  4291 | D:5      | Slain by an ufetubus

Illustrated notes

Levels and vault maps discovered:
D:1:      lightli_arrival_maybe_door_vault, layout_basic
D:2:      layout_rooms
D:3:      layout_rooms, gammafunk_temple_overflow_claw, gup_sewer_entry_pipe,
          uniq_ijyb
D:4:      layout_cave_pools, mainiacjoe_overflow_catwalk, grunt_qazlal_clouds
D:5:      layout_loops_ring, lemuel_coloured_pillars_altar,
          minmay_temple_entry_junction
Temple:   nicolae_temple_god_jail

Skill      XL: |  1  2  3  4  5  6 |
---------------+-------------------+-----
Earth Magic    | 3 4 |  4.1
Dodging        | 2 |  2.8
Spellcasting   | 2 |  2.6
Fighting       | 1 |  1.5
Axes           | 1 |  1.5
Short Blades   | |  0.7
Polearms       | |  0.1
Stealth        | |  1.2
Unarmed Combat | |  0.5
Conjurations   | |  0.6
Ice Magic      | |  0.3

Action                     |  1- 3 |  4- 6 || total
---------------------------+-------+-------++-------
  Melee: Dagger            |    62 |       ||    62
         Unarmed           |     4 |       ||     4
         Hand axe          |    13 |       ||    13
         Trident           |     6 |       ||     6
         Battleaxe         |    28 |   125 ||   153
   Cast: Sandblast         |    50 |    80 ||   130
         Freeze            |     6 |     7 ||    13
    Use: Potion            |       |     1 ||     1
 Armour: Robe              |   116 |   307 ||   423
  Dodge: Dodged            |    87 |   191 ||   278

Table legend: (Time is in decaauts)
 A = Elapsed time spent in this place.
 B = Non-inter-level travel time spent in this place.
 C = Inter-level travel time spent in this place.
 D = Time resting spent in this place.
 E = Time spent auto-exploring this place.
 F = Levels seen in this place.
 G = Mean time per level.
                   A        B        C        D        E       F      G
               +--------+--------+--------+--------+--------+-----+--------+
         Total |   4458 |   1641 |   2817 |      0 |     12 |   7 |  636.9 |
       Dungeon |   4239 |   1492 |   2747 |      0 |     12 |   5 |  847.8 |
        Temple |     74 |      4 |     70 |      0 |      0 |   1 |   74.0 |
         Sewer |    144 |    144 |      0 |      0 |      0 |   1 |  144.0 |
               +--------+--------+--------+--------+--------+-----+--------+

Top non-repeatable levels by time:
     D:1: 1232 daAuts
     D:4: 884 daAuts
     D:3: 873 daAuts
     D:2: 662 daAuts
     D:5: 587 daAuts
   Sewer: 144 daAuts
  Temple: 74 daAuts
